AoeStats
← BLOOTLAND

Arena

511032203Analyzed
1v1 RM · 9h ago on Oct 3, 2026· 48m 52s· 2 players
Game mode
Random Map
Map size
Tiny (2 player)
Population
200
Speed
Normal
Resources
Standard
Victory
Conquest
Starting age
Dark Age
Ending age
Imperial Age
RankedLock teamsTeams togetherTeam positionsShared explorationLock speedFull tech treeHidden civsTurbo modeCheats
Victory
Defeat
🇨🇱 Ethiopians · Chile
813
+17
🇫🇷 Teutons · France
841
-17
ElBastarrdo
11:25 Feudal Age
14:36 Loom
17:43 Castle Age
16:39 Double-Bit Axe
16:46 Gold Mining
16:39 Horse Collar
17:29 Fletching
18:26 Crossbowman
19:05 Bodkin Arrow
22:02 Husbandry
22:08 Scale Mail Armor
24:07 Scale Barding Armor
24:13 Forging
28:46 Bow Saw
28:56 Heavy Plow
35:32 Imperial Age
35:15 Wheelbarrow
34:50 Padded Archer Armor
35:44 Heavy Camel Rider
37:47 Chemistry
37:54 Gold Shaft Mining
37:24 Arbalester
38:28 Squires
43:43 Halberdier
BLOOTLAND
9:51 Feudal Age
10:18 Double-Bit Axe
10:16 Horse Collar
17:40 Castle Age
17:18 Wheelbarrow
17:35 Bloodlines
17:51 Gold Mining
23:57 Hand Cart
23:51 Stone Mining
24:18 Squires
27:06 Scale Mail Armor
27:17 Forging
30:21 Imperial Age
27:55 Pikeman
28:25 Arson
29:05 Town Watch
31:19 Iron Casting
31:00 Chain Mail Armor
31:05 Bow Saw
31:28 Conscription
33:11 Elite Teutonic Knight
33:49 Loom
33:47 Cavalier
35:19 Plate Mail Armor
35:35 Heavy Plow
35:40 Paladin
37:49 Scale Barding Armor
39:07 Blast Furnace
Connection lost

Rejoining the realm…

Still unreachable

The connection could not be restored.

Session expired

The server has moved on; the page needs a fresh start.